 Dungeon Crawl Stone Soup version 0.14-a0-2124-ga163777 (webtiles) character file.

2373 M4edhros the Covert (level 9, -4/53 HPs)
             Began as an Octopode Hunter on Jan 27, 2014.
             Slain by acidapple's ghost (8 damage)
             ... on Level 6 of the Dungeon.
             The game lasted 00:19:45 (7895 turns).

M4edhros the Covert (Octopode Hunter)               Turns: 7895, Time: 00:19:45

HP  -4/53        AC  1     Str 12      XL: 9   Next: 32%
MP  15/17        EV  9     Int 13      God:
Gold 210         SH 14     Dex 15      Spells:  0 memorised,  8 levels left

rFire  . . .     SeeInvis .     d - +0 elf cutlass
rCold  . . .     Clarity  .     y - +0 orc shield
rNeg   . . .     Conserve .     (helmet restricted)
rPois  .         rCorr    .     (no amulet)
rElec  .         rRot     .     r - cursed ring of wizardry
SustAb . .       Spirit   .     e - ring of invisibility
rMut   .         Warding  .     (no ring)
Saprov . . .     Stasis   .     (no ring)
MR     .....                    (no ring)
                                (no ring)
                                (no ring)
                                (no ring)

@: invisible, very slightly contaminated, not resistant to hostile enchantments,
extremely stealthy
A: almost no armour, amphibious, 8 rings, constrict 8, camouflage 1, gelatinous
body 1
a: Turn Visible


You were on level 6 of the Dungeon.
You were hungry.

You visited 2 branches of the dungeon, and saw 7 of its levels.

You collected 210 gold pieces.

Inventory:

Hand weapons
 a - a +0,+0 short sword
 b - a +4,+5 sling
 d - a +0,+0 elven cutlass (weapon)
 k - a +0,+1 spear of flaming
Missiles
 c - 17 sling bullets
 s - 36 stones (quivered)
Armour
 y - a +0 orcish shield (worn)
Magical devices
 q - a wand of slowing (7)
 t - a wand of frost (12)
 z - a wand of slowing (13)
Comestibles
 f - 2 bread rations
 l - an apple
 m - a choko
 n - 5 meat rations
Scrolls
 h - a scroll of remove curse
 i - 2 scrolls of identify
 j - a scroll of immolation
 o - a scroll of enchant armour {unknown}
 p - 3 scrolls of fog
 u - 2 scrolls of teleportation
Jewellery
 e - a ring of invisibility (right tentacle)
 r - a cursed ring of wizardry (left tentacle)
Potions
 g - a potion of poison
 v - a potion of restore abilities


   Skills:
 - Level 1.0 Fighting
 - Level 3.2 Short Blades
 + Level 7.8 Slings
 - Level 2.0 Dodging
 * Level 11.5 Stealth
 + Level 5.3 Evocations


You had 8 spell levels left.
You didn't know any spells.

Dungeon Overview and Level Annotations

Branches:
Dungeon (6/16)             Temple (1/1) D:5

Altars:
Ashenzari
Cheibriados
Dithmengos
Elyvilon
Kikubaaqudgha
Makhleb
Nemelex Xobeh
Okawaru
Sif Muna
Trog
Vehumet
Xom
Yredelemnul
Zin
The Shining One

Shops:
D:4 ?

Annotations:
D:4 Grinder
D:6 acidapple's ghost, experienced FoFi


Innate Abilities, Weirdness & Mutations

You cannot wear most types of armour.
You are amphibious.
You can wear up to eight rings at the same time.
You can use your tentacles to constrict many enemies at once.
Your skin changes colour to match your surroundings (Stlth).
Your rubbery body absorbs attacks (AC +1).


Message History

Done exploring.
Done exploring.
Done exploring.
HP restored.
You can't go down here!
Use which ability? (? or * to list)
You fail to use your ability.
Use which ability? (? or * to list)
You fade into invisibility!
You are very lightly contaminated with residual magic.
You are feeling hungry.
Acidapple's ghost turns its malevolent gaze towards you.
You completely miss acidapple's ghost. Acidapple's ghost hits you!
Acidapple's ghost burns you. Acidapple's ghost hits you.
Acidapple's ghost burns you. Acidapple's ghost hits you!
Ouch! That really hurt!
* * * LOW HITPOINT WARNING * * *
Acidapple's ghost burns you!
You die...

#...#...###.##.##..###.##.##.#
###..##.# #........)......##.#
#.###.# ####.######.........
#.....# #.# #.####.##. #######
#.### #.##...... #.#.##
#.##.#.##. ##..#.###.....(##.
#.p###.###.....##.
##@#...#..#.....##.
#.##.>.##.#.)...#.#
#..#...#..#.....##.
#.#.###.#.........#
#.##.#..###.#####.. #.#...#.#
#.#.##### ##.#.###.# #..#.##
#........###.###.##
#........##.#...#.##


You could see acidapple's ghost.

Vanquished Creatures
  2 humans (D:6)
  The ghost of M4edhros the Vandal, an average OpHu (D:5)
  An ice beast (D:6)
  An ogre (D:4)
  2 phantoms (D:6)
  2 centaurs
  Blork the orc (D:6)
  3 orc priests
  3 crimson imps (D:5)
  4 hounds
  A jelly (D:5)
  6 orc wizards
  A scorpion (D:4)
  6 worker ants
  2 iguanas (D:4)
  Jessica (D:2)
  11 adders
  4 gnolls (D:4)
  An orc skeleton (D:4)
  2 inept feature mimics
  3 worms
  2 adder skeletons
  2 giant eyeballs (D:6)
  9 orcs
  15 bats
  A giant cockroach (D:2)
  12 goblins
  19 hobgoblins
  15 jackals
  4 quokkas
  A ball python (D:3)
  8 giant geckos
  A giant gecko skeleton (D:4)
  6 giant newts
  2 giant spores (D:5)
  A gnoll skeleton (D:6)
  15 kobolds
  12 rats
  10 ballistomycetes (D:5)
193 creatures vanquished.

Vanquished Creatures (others)
  A giant spore (D:5)
1 creature vanquished.

Grand Total: 194 creatures vanquished

Notes
Turn   | Place    | Note
--------------------------------------------------------------
     0 | D:1      | M4edhros, the Octopode Hunter, began the quest for the Orb.
     0 | D:1      | Reached XP level 1. HP: 13/13 MP: 1/1
   130 | D:1      | Reached XP level 2. HP: 15/18 MP: 2/2
   485 | D:1      | Reached XP level 3. HP: 17/23 MP: 3/3
   529 | D:1      | Reached skill level 5 in Slings
   803 | D:2      | Paralysed by a potion of paralysis for 5 turns
  1056 | D:2      | Noticed Jessica
  1059 | D:2      | Killed Jessica
  1059 | D:2      | Reached skill level 1 in Short Blades
  1059 | D:2      | Reached XP level 4. HP: 10/28 MP: 4/4
  1446 | D:2      | Found a deep blue altar of Sif Muna.
  1451 | D:2      | Found a basalt altar of Yredelemnul.
  1460 | D:2      | Found a radiant altar of Vehumet.
  1749 | D:4      | Reached XP level 5. HP: 33/33 MP: 5/5
  2124 | D:4      | Found a staircase to the Ecumenical Temple.
  2133 | D:4      | Noticed Grinder
  2140 | D:4      | the staircase to the Ecumenical Temple was a mimic.
  2588 | D:4      | Reached XP level 6. HP: 38/38 MP: 6/6
  2721 | D:5      | Entered Level 5 of the Dungeon
  2809 | D:5      | Reached skill level 5 in Stealth
  2923 | D:5      | Noticed M4edhros' ghost (average OpHu)
  2949 | D:5      | Killed M4edhros' ghost
  2949 | D:5      | Reached skill level 6 in Stealth
  3174 | D:5      | Reached XP level 7. HP: 43/43 MP: 7/7
  3297 | D:5      | Reached skill level 7 in Stealth
  3443 | D:5      | Found a staircase to the Ecumenical Temple.
  3457 | Temple   | Entered the Ecumenical Temple
  4773 | D:4      | Noticed an ogre
  4784 | D:4      | Killed an ogre
  4784 | D:4      | Reached skill level 8 in Stealth
  4784 | D:4      | Reached skill level 1 in Evocations
  5064 | D:5      | Reached XP level 8. HP: 44/48 MP: 9/11
  5194 | D:4      | Reached skill level 9 in Stealth
  5292 | D:4      | Found Xatesus' Magic Scroll Boutique.
  5408 | D:6      | Noticed Blork the orc
  5550 | D:6      | Noticed acidapple's ghost (experienced FoFi)
  6120 | D:6      | Reached skill level 10 in Stealth
  6794 | D:6      | Reached XP level 9. HP: 47/53 MP: 13/15
  6848 | D:6      | Paralysed by a giant eyeball for 4 turns
  7145 | D:5      | Reached skill level 11 in Stealth
  7405 | D:6      | Reached skill level 5 in Evocations
  7448 | D:6      | Killed Blork the orc
  7895 | D:6      | Slain by acidapple's ghost

Action                   |  1- 3 |  4- 6 |  7- 9 || total
-------------------------+-------+-------+-------++-------
Melee: Short sword       |    34 |    21 |       ||    55
       Spear             |       |    64 |   189 ||   253
       Cutlass           |       |       |     8 ||     8
 Fire: Sling             |    31 |   106 |   175 ||   312
 Abil: Evoke Invisibilit |       |     1 |     1 ||     2
Evoke: Wand              |       |       |     2 ||     2
  Use: Potion            |     5 |     7 |    10 ||    22
       Scroll            |     5 |     6 |     7 ||    18
 Stab: Sleeping          |     3 |     5 |    16 ||    24
       Distracted        |     1 |       |     2 ||     3
       Invisible         |       |     3 |       ||     3
